 Dungeon Crawl Stone Soup version 0.17.0-28-g6e173f8 (webtiles) character file.

104 septik the Conjurer (level 4, 0/24 HPs)
             Began as a Deep Elf Conjurer on Nov 26, 2015.
             Killed from afar by Ijyb (9 damage)
             ... with a wand of frost
             ... on level 3 of the Dungeon.
             The game lasted 00:05:08 (1708 turns).

septik the Conjurer (Deep Elf Conjurer)             Turns: 1708, Time: 00:05:08

Health: 0/24       AC:  3    Str:  6    XL:     4   Next: 52%
Magic:  2/12       EV: 13    Int: 20    God:
Gold:   96         SH:  0    Dex: 15    Spells: 1 memorised, 10 levels left

rFire  . . .     SeeInvis .     i - +0 whip
rCold  . . .     Clarity  .     e - +0 robe (curse)
rNeg   . . .     SustAt   .     (no shield)
rPois  .         Gourm    .     (no helmet)
rElec  .         Spirit   .     (no cloak)
rCorr  .         Warding  .     (no gloves)
rMut   .         Stasis   .     p - +0 pair of boots
MR     .....                    (no amulet)
Stlth  ++........               (no ring)
                                (no ring)

@: not resistant to hostile enchantments, unstealthy
A: no striking features
a: no special abilities


You were on level 3 of the Dungeon.
You were not hungry.

You visited 1 branch of the dungeon, and saw 4 of its levels.

You collected 96 gold pieces.

Inventory:

Hand Weapons
 i - a +0 whip (weapon)
Missiles
 d - 54 stones (quivered)
Armour
 a - a +0 robe
 e - a cursed +0 robe (worn)
 m - a +0 buckler
 p - a +0 pair of boots (worn)
Scrolls
 h - 2 scrolls of random uselessness {unknown}
 k - 2 scrolls of teleportation {unknown}
 n - 3 scrolls of identify {unknown}
 q - a scroll of fog {unknown}
Potions
 g - a potion of brilliance {unknown}
 j - a potion of haste {unknown}
 l - a potion of flight {unknown}
Books
 b - a book of Conjurations

   Spells                             Type                      Level
   a - Magic Dart                     Conjuration                  1
   b - Searing Ray                    Conjuration                  2
   c - Dazzling Spray                 Conjuration/Hexes            3
   d - Fulminant Prism                Conjuration/Hexes            4
   e - Iskenderun's Mystic Blast      Conjuration                  4
   f - Iskenderun's Battlesphere      Conjuration/Charms           5
Comestibles
 c - 3 bread rations
 f - 3 meat rations
 o - a slice of pizza
 r - 4 chunks of flesh


   Skills:
 - Level 2.4 Dodging
 - Level 2.4 Stealth
 + Level 4.2 Spellcasting
 * Level 6.0 Conjurations


You had 10 spell levels left.
You knew the following spells:

 Your Spells              Type           Power        Failure   Level  Hunger
a - Magic Dart            Conj           ####         1%          1    None


Dungeon Overview and Level Annotations

Branches:
Dungeon (4/15)
 Temple: D:4-7

Altars:
Dithmenos
Okawaru

Annotations:
D:2 Sigmund
D:3 Ijyb; UnlimitedFusion's ghost, amateur NaCK


Message History

Press: ? - help, Shift-Dir - straight line, f/p - Ijyb
Aim: Ijyb, carrying a wand of frost {zapped: 2} (moderately wounded)
The magic dart hits Ijyb.
Ijyb is moderately wounded.
UnlimitedFusion's ghost turns its malevolent gaze towards you.
Ijyb zaps a wand.
The puff of frost misses you.
Casting: Magic Dart
Confirm with . or Enter, or press ? or * to list all spells.
Aiming: Magic Dart
Press: ? - help, Shift-Dir - straight line, f/p - Ijyb
Aim: Ijyb, carrying a wand of frost {zapped: 3} (moderately wounded)
The magic dart hits Ijyb.
Ijyb is severely wounded.
Ijyb zaps a wand.
The puff of frost hits you! Ijyb hits you.
Ijyb zaps a wand.
The puff of frost hits you!
You die...

..W#..############.
..
#.......##..>.......
..###.
#......#######..
#..#.. ##....###
#..W..##..#..####
....%...........###
........##..#.....#
..._.$.####.#.....#
........##.@........
........g.........##
#.....##..#..##.###
#..#.. ##.##.#..# ##
.? ##..##.##.#.##...
. .)...##........
..........####.
.....##.###
#.......#


You could see Ijyb.

Vanquished Creatures
  Jessica (D:2)
  2 adders (D:3)
  An ooze (D:1)
  A worm (D:2)
  2 orcs (D:3)
  A ball python (D:1)
  3 giant cockroaches
  8 goblins
  6 hobgoblins
  4 jackals (D:1)
  4 bats
  A giant gecko (D:1)
  4 giant newts (D:1)
  6 kobolds
  7 rats
51 creatures vanquished.

Notes
Turn   | Place    | Note
--------------------------------------------------------------
     0 | D:1      | septik the Deep Elf Conjurer began the quest for the Orb.
     0 | D:1      | Reached XP level 1. HP: 10/10 MP: 6/6
   117 | D:1      | Reached XP level 2. HP: 15/15 MP: 1/8
   200 | D:1      | Reached skill level 5 in Conjurations
   883 | D:1      | Reached XP level 3. HP: 16/19 MP: 4/9
  1268 | D:2      | Noticed Sigmund
  1336 | D:2      | Noticed Jessica
  1338 | D:2      | Killed Jessica
  1338 | D:2      | Reached XP level 4. HP: 21/24 MP: 4/11
  1513 | D:2      | Found an iron altar of Okawaru.
  1605 | D:2      | You fall through a shaft for 2 floors!
  1620 | D:3      | Reached skill level 6 in Conjurations
  1643 | D:3      | Noticed UnlimitedFusion's ghost (amateur NaCK)
  1693 | D:3      | Found a shadowy altar of Dithmenos.
  1697 | D:3      | Noticed Ijyb
  1708 | D:3      | Killed from afar by Ijyb

Action                   |  1- 3 |  4- 6 || total
-------------------------+-------+-------++-------
Throw: Stone             |     1 |       ||     1
 Cast: Magic Dart        |    74 |    40 ||   114
  Eat: Chunk             |       |     2 ||     2
